 Dungeon Crawl Stone Soup version 0.20.1-1-g8b1a95d (webtiles) character file.

1170 homeworkjunkie the Cleaver (level 8, -13/69 HPs)
             Began as a Hill Orc Fighter on Nov 14, 2017.
             Was an Initiate of Okawaru.
             Mangled by Menkaure (16 damage)
             ... on level 5 of the Dungeon.
             The game lasted 00:06:47 (4215 turns).

homeworkjunkie the Cleaver (Hill Orc Fighter)       Turns: 4215, Time: 00:06:48

Health: -13/69     AC: 10    Str: 20    XL:     8   Next: 40%
Magic:  9/9        EV:  8    Int:  8    God:    Okawaru [......]
Gold:   239        SH: 10    Dex: 11    Spells: 7/7 levels left

rFire    + . .     SeeInvis .   a - +4 war axe
rCold    . . .     Gourm    .   c - +0 shield
rNeg     . . .     Faith    .   b - +0 scale mail
rPois    .         Spirit   .   (no helmet)
rElec    .         Reflect  .   (no cloak)
rCorr    .         Harm     .   t - +2 pair of gloves
MR       .....                  (no boots)
Stlth    ..........             (no amulet)
Regen    0.3/turn               q - ring of protection from fire
MPRegen  0.2/turn               (no ring)

@: no status effects
A: no striking features
a: Renounce Religion


You were on level 5 of the Dungeon.
You worshipped Okawaru.
Okawaru was noncommittal.
You were not hungry.

You visited 2 branches of the dungeon, and saw 7 of its levels.
You also visited: Sewer.

You collected 239 gold pieces.

Inventory:

Hand Weapons
 a - a +4 war axe (weapon)
Missiles
 m - 3 tomahawks (quivered)
Armour
 b - a +0 scale mail (worn)
 c - a +0 shield (worn)
 t - a +2 pair of gloves (worn)
Jewellery
 q - a ring of protection from fire (left hand)
Wands
 e - a wand of iceblast (9/15)
Scrolls
 l - 4 scrolls of teleportation
Potions
 d - a potion of magic {unknown}
 g - a potion of curing {unknown}
 h - a potion of haste {unknown}
 i - 3 potions of flight
 j - 2 potions of heal wounds
 n - a potion of lignification {unknown}
 p - a potion of agility {unknown}
 r - a potion of resistance {unknown}
Comestibles
 f - 3 bread rations
 s - 2 royal jellies


   Skills:
 * Level 5.6 Fighting
 * Level 8.7 Axes
 * Level 5.6 Armour
 + Level 1.1 Dodging
 + Level 0.1 Stealth
 * Level 5.4 Shields
 * Level 1.7 Evocations


You had 7 spell levels left.
You didn't know any spells.

Dungeon Overview and Level Annotations

Branches:
Dungeon (6/15)             Temple (1/1) D:4

Altars:
Dithmenos
Elyvilon
Gozag
Makhleb
Okawaru
Qazlal
Ru
Sif Muna
Vehumet
Yredelemnul

Annotations:
D:5 Menkaure


Message History

The adder is severely wounded.
The adder barely misses you. The adder bites you but does no damage.
You barely miss the adder.
The adder is severely wounded.
You block the adder's attack. You block Menkaure's attack.
You miss the adder.
The adder is severely wounded.
You completely miss Menkaure. The adder barely misses you.
Menkaure hits you but does no damage. The adder bites you but does no damage.
You hit Menkaure.
Menkaure is moderately damaged.
You hit the adder. Menkaure hits you!
* * * LOW HITPOINT WARNING * * *
You block the adder's attack.
You slash Menkaure!
Menkaure is heavily damaged.
You closely miss the adder. Menkaure hits you.
* * * LOW HITPOINT WARNING * * *
You block the adder's attack. Menkaure hits you!
You die...

..# ... ... #.# #.#
###.########
#.MS†."....# #. #@#
##.#.##.#
#..###.#####.......#
#..................#
#..###.##..........#
....................#
.#.#.#..#.#.........#
#........###....[...#
.#..#####.##
##(......# .#
#..###...(....#


You could see Menkaure and an adder.

Vanquished Creatures
  The ghost of Regeox the Chopper, an amateur HOFi (D:4)
  An ogre (D:3)
  A centaur (D:5)
  A big kobold (Sewer)
  2 scorpions (D:5)
  A howler monkey (D:4)
  A crimson imp (D:5)
  2 orc wizards
  A hound (D:5)
  4 orc priests
  3 iguanas
  3 worker ants
  4 adders
  3 river rats
  A shadow imp (D:5)
  An ooze (D:3)
  3 worms (D:3)
  3 dart slugs
  2 leopard geckos
  12 orcs
  8 giant cockroaches
  9 goblins
  7 hobgoblins
  6 jackals
  A quokka (D:3)
  A ball python (D:4)
  4 bats
  5 frilled lizards
  12 kobolds
  13 rats
116 creatures vanquished.

Notes
Turn   | Place    | Note
-------+----------+-------------------------------------------
     0 | D:1      | homeworkjunkie the Hill Orc Fighter began the quest for the Orb.
     0 | D:1      | Reached XP level 1. HP: 19/19 MP: 1/1
    58 | D:1      | Reached XP level 2. HP: 18/27 MP: 2/2
   116 | D:2      | Reached skill level 3 in Axes
   242 | D:3      | Reached XP level 3. HP: 33/33 MP: 3/3
   250 | D:3      | Noticed an ogre
   253 | D:3      | Reached XP level 4. HP: 21/40 MP: 4/4
   256 | D:3      | Killed an ogre
   256 | D:3      | Reached skill level 4 in Axes
   256 | D:3      | Reached XP level 5. HP: 21/47 MP: 5/5
   341 | D:3      | Found a sacrificial altar of Ru.
   341 | D:3      | Found a radiant altar of Vehumet.
   406 | D:3      | Reached skill level 5 in Axes
   559 | D:3      | Reached XP level 6. HP: 49/53 MP: 6/6
   724 | D:3      | Found a glowing drain.
   728 | Sewer    | Entered a sewer
   838 | Sewer    | Reached skill level 6 in Axes
   867 | Sewer    | Found a glowing silver altar of Zin.
  1204 | D:4      | Noticed Regeox's ghost (amateur HOFi)
  2934 | D:5      | Entered Level 5 of the Dungeon
  2991 | D:4      | Found a basalt altar of Yredelemnul.
  2995 | D:4      | Reached XP level 7. HP: 55/60 MP: 7/7
  3064 | D:5      | Reached skill level 7 in Axes
  3064 | D:5      | Reached skill level 5 in Shields
  3071 | D:5      | Reached skill level 5 in Fighting
  3071 | D:5      | Reached skill level 1 in Evocations
  3286 | D:5      | Reached skill level 5 in Armour
  3310 | D:5      | Reached skill level 1 in Dodging
  3585 | D:4      | Found a deep blue altar of Sif Muna.
  3689 | D:4      | Found a shadowy altar of Dithmenos.
  3709 | D:4      | Killed Regeox's ghost
  3709 | D:4      | Reached skill level 8 in Axes
  3709 | D:4      | Reached XP level 8. HP: 69/69 MP: 7/9
  3830 | D:4      | Found a staircase to the Ecumenical Temple.
  3839 | Temple   | Entered the Ecumenical Temple
  3917 | Temple   | Became a worshipper of Warmaster Okawaru
  4061 | D:5      | Found a shadowy altar of Dithmenos.
  4206 | D:5      | Noticed Menkaure
  4215 | D:5      | HP: 3/69 [Menkaure (3)]
  4215 | D:5      | Mangled by Menkaure

Skill      XL: |  1  2  3  4  5  6  7 |
---------------+----------------------+-----
Fighting       | 4 5 |  5.6
Axes           | 3 4 5 6 8 |  8.7
Armour         | 4 5 |  5.6
Shields        | 4 5 |  5.4
Evocations     | 1 |  1.7
Dodging        | 1 |  1.1
Stealth        | |  0.1

Action                   |  1- 3 |  4- 6 |  7- 9 || total
-------------------------+-------+-------+-------++-------
Melee: War axe           |    46 |   211 |    82 ||   339
Evoke: Wand              |       |       |     3 ||     3
  Use: Scroll            |     2 |     6 |     7 ||    15
       Potion            |     1 |       |     1 ||     2
  Eat: Meat ration       |       |     1 |       ||     1
       Bread ration      |       |     1 |       ||     1
       Fruit             |       |       |     4 ||     4
Armor: Scale mail        |    17 |    80 |    24 ||   121
Dodge: Dodged            |    16 |    51 |    33 ||   100
Block: Shield            |    26 |   122 |    37 ||   185
